 Dungeon Sprint DCSS version 0.01-2115-ge649c80b0b (webtiles) character file.

Game seed: 3175257315542420899, levelgen mode: deterministic

5940890 Lanoc the Rhythm of Life and Death (level 27, 291/291 (292) HPs) Silver Draconian Demonspawn. Began on June 7, 2020. Was a Follower of Uskayaw. Escaped with the Orb! The game lasted 01:30:49 (6886 turns).

Lanoc the Rhythm of Life and Death (DrDs)           Turns: 6886, Time: 01:30:50

HP:   291/291 (292) AC: 33    Str: 37    XL:     27
MP:   54/54         EV: 39    Int: 23    God:    Uskayaw [*..... (30)]
Gold: 5867          SH: 40    Dex: 21    Spells: 47/80 levels left

rFire    + + +     Vision   .   t - +2 staff of Hard Scrabble {menace, earth; AC+5 Str+4 Int+4}
rCold    + + +     Gourm    .   M - +6 scutum of Sin {rF+++ rN++ Dex-5, (Curse: Fragile)} (curse)
rNeg     + + +     Faith    .   (armour unavailable)
rPois    +         Spirit   +   (helmet unavailable)
rElec    +         Reflect  +   (no cloak)
rCorr    +         Harm     .   p - +0 pair of gloves of Nihilism {-Tele rPois rCorr Str+10}
MR       +++..     NoTele   +   N - +2 pair of boots of Kojaf {+Fly rPois rC+++ rN+ Str-5}
Stlth    ..........             C - amulet "Avuoris" {Reflect rElec MR+ SH+5, (Curse: *Drain)} (curse)
HPRegen  1.07/turn              n - ring "Xief" {rF++ Str+3 Dex+5 Slay+3, (Curse: Stlth-)} (curse)
MPRegen  1.28/turn              o - ring "Ahuskuod" {rF+ EV+5 Str+7 Dex+5 Stlth-}

@: no status effects
A: no body armour, unfitting armour, big wings, horns 3, rugged brown scales 3,
spiny 3, augmentation 3, magic shield, magic regeneration, magic link,
cold-blooded, MP-powered wands, boosted crossbows aptitude, strongly boosted
whips and flails aptitude, boosted stealth aptitude, earth enhancer 2, AC++,
rMut, AC +21
0: Orb of Zot
}: 10/15 runes: decaying, slimy, elven, silver, obsidian, icy, bone, demonic,
dark, gossamer
a: Breathe Silver Splinters, Fly, Stomp, Renounce Religion, Evoke Flight


You escaped.
You worshipped Uskayaw.
Uskayaw was exalted by your worship.
You were not hungry.

You visited 1 branch You collected 45250 gold pieces.
You spent 39383 gold pieces at shops.

Inventory:

Weapons
 y - the +7 sceptre of Asmodeus
   (You took it off Asmodeus in the Dungeon)

   Shields
 M - the cursed +6 scutum of Sin (shield) {rF+++ rN++ Dex-5, (Curse: Fragile)}
   (You bought it in a shop in the Dungeon)

   Base shield rating: 13 Skill to remove penalty: 25.0 It affects your
   dexterity (-5).
   It renders you almost immune to fire.
   It greatly protects you from negative energy.
   It has a curse placed upon it.
   { (Curse: Fragile)}
Armour
 p - the +0 pair of gloves of Nihilism (worn) {-Tele rPois rCorr Str+10}
   (You bought it in a shop in the Dungeon)

   It affects your strength (+10).
   It protects you from poison.
   It prevents most forms of teleportation.
   It provides partial protection from all sources of acid and corrosion.
 N - the +2 pair of boots of Kojaf (worn) {+Fly rPois rC+++ rN+ Str-5}
   (You bought it in a shop in the Dungeon)

   It affects your strength (-5).
   It renders you almost immune to cold.
   It protects you from poison.
   It protects you from negative energy.
   It lets you fly.
Magical Staves
 t - the +2 staff of Hard Scrabble (weapon) {menace, earth; AC+5 Str+4 Int+4}
   (You bought it in a shop in the Dungeon)

   [staff of earth]

   Base accuracy: +5 Base damage: 5 Base attack delay: 1.2 This weapon's minimum
   attack delay (0.6) is reached at skill level 12.
   The minimum and maximum damage of damaging spells cast with this staff are
   significantly increased.
   It falls into the 'Staves' category.
   It is one handed.
   Its enchantment grants additive spellpower to the spells it enhances.
Jewellery
 n - the cursed ring "Xief" (left hand) {rF++ Str+3 Dex+5 Slay+3, (Curse: Stlth-)}
   (You bought it in a shop in the Dungeon)

   [ring of dexterity]

   It affects your strength (+3).
   It affects your dexterity (+5).
   It affects your accuracy and damage with ranged weapons and melee attacks
   (+3).
   It greatly protects you from fire.
   It has a curse placed upon it.
   { (Curse: Stlth-)}
 o - the ring "Ahuskuod" (right hand) {rF+ EV+5 Str+7 Dex+5 Stlth-}
   (You bought it in a shop in the Dungeon)

   [ring of evasion]

   It affects your evasion (+5).
   It affects your strength (+7).
   It affects your dexterity (+5).
   It protects you from fire.
   It makes you less stealthy.
 A - the ring "Rehiukh" {Ice rPois MR+ Int+2}
   (You bought it in a shop in the Dungeon)

   [ring of ice]

   It enhances your ice magic.
   It affects your intelligence (+2).
   It makes you vulnerable to fire.
   It protects you from cold.
   It protects you from poison.
   It affects your resistance to hostile enchantments.
 C - the cursed amulet "Avuoris" (around neck) {Reflect rElec MR+ SH+5, (Curse: *Drain)}
   (You bought it in a shop in the Dungeon)

   [amulet of reflection]

   It shields you and reflects attacks.
   It insulates you from electricity.
   It affects your resistance to hostile enchantments.
   It affects your SH (+5).
   It has a curse placed upon it.
   { (Curse: *Drain)}
 I - the ring "Efinkoli" {*Slow rPois Str+9 Dex+3 Slay+5}
   (You bought it in a shop in the Dungeon)

   [ring of slaying]

   It affects your strength (+9).
   It affects your dexterity (+3).
   It affects your accuracy and damage with ranged weapons and melee attacks
   (+5).
   It protects you from poison.
   It may slow you when you take damage.
 J - the cursed ring of Arikkicyus {Ice *Slow MR+ Int+8 Dex+4, (Curse: *Drain)}
   (You bought it in a shop in the Dungeon)

   [ring of ice]

   It enhances your ice magic.
   It affects your intelligence (+8).
   It affects your dexterity (+4).
   It makes you vulnerable to fire.
   It protects you from cold.
   It affects your resistance to hostile enchantments.
   It may slow you when you take damage.
   It has a curse placed upon it.
   { (Curse: *Drain)}
Wands
 b - a wand of acid (5)
 d - a wand of disintegration (10)
 h - a wand of ensnaring (9)
 j - a wand of iceblast (14)
 m - a wand of polymorph (2)
 u - a wand of clouds (6)
 D - a wand of enslavement (8)
Scrolls
 i - 28 scrolls of blinking
 k - 27 scrolls of fog
 s - 6 scrolls of silence
 v - 32 scrolls of enchantment
 B - 9 scrolls of amnesia
 G - 7 scrolls of bless item
 P - 6 scrolls of vulnerability
Potions
 f - 37 potions of haste
 g - 23 potions of magic
 l - 25 potions of resistance
 q - 11 potions of brilliance
 r - 6 potions of mutation
 w - 37 potions of heal wounds
 x - 12 potions of agility
 z - a potion of lignification
 E - 20 potions of berserk rage
 F - 19 potions of curing
 K - 12 potions of might
Miscellaneous
 a - a phial of floods
 e - a quad damage
 H - a quad damage
 L - a quad damage
Comestibles
 c - 41 rations


   Skills:
 O Level 27 Fighting
   Level 1.5 Long Blades
 O Level 27 Maces & Staves
 O Level 27 Dodging
 - Level 2.0 Stealth
 O Level 27 Shields
 O Level 27 Spellcasting
 + Level 24.8 Transmutations
 O Level 27 Earth Magic
 O Level 27 Invocations


You had 47 spell levels left.
You knew the following spells:

 Your Spells              Type           Power        Failure   Level  Hunger
a - Lehudib's Crystal Sp  Erth           200 (200)    1%          8    #####..
b - Shatter               Erth           200 (200)    7%          9    ######.
c - Statue Form           Tmut/Erth      150 (150)    0%          6    None
d - Iron Shot             Erth           200 (200)    0%          6    None
e - Leda's Liquefaction   Tmut/Erth      200 (200)    0%          4    None

Your spell library contained the following spells:

 Spells                   Type           Power        Failure   Level  Hunger
 Passwall                 Tmut/Erth      120 (120)    0%          2    None
 Petrify                  Tmut/Erth      100 (100)    0%          4    None
 Lee's Rapid Deconstruct  Erth           200 (200)    0%          5    None
 Methodical Deconstructi  Erth           200 (200)    0%          5    None
 Tunneling                Erth           200 (200)    0%          6    None
 Corpse Rot               Tmut/Necr      N/A          1%          2    None
 Force Lasso              Tloc/Erth      200 (200)    1%          4    None
 Bolt of Magma            Fire/Erth      200 (200)    1%          5    None
 Summon Forest            Summ/Erth      200 (200)    1%          5    None
 Yara's Violent Unravell  Hex/Tmut       114 (200)    1%          5    None
 Confusing Touch          Hex            50 (50)      4%          1    None
 Flame Tongue             Fire           40 (40)      4%          1    None
 Infusion                 Chrm           25 (25)      4%          1    None
 Blink                    Tloc           N/A          6%          2    None
 Call Imp                 Summ           62 (100)     6%          2    None
 Shroud of Golubria       Chrm/Tloc      62 (200)     6%          2    None
 Slow                     Hex            62 (100)     6%          2    None
 Song of Slaying          Chrm           62 (100)     6%          2    None
 Sublimation of Blood     Necr           62 (200)     6%          2    None
 Swiftness                Chrm/Air       62 (100)     6%          2    None
 Confuse                  Hex            62 (100)     13%         3    None
 Conjure Flame            Fire           62 (100)     13%         3    None
 Gell's Gravitas          Tloc           62 (200)     13%         3    None
 Mephitic Cloud           Pois/Air       62 (100)     13%         3    None
 Portal Projectile        Chrm/Tloc      50 (50)      13%         3    None
 Recall                   Summ/Tloc      N/A          13%         3    None
 Regeneration             Chrm/Necr      62 (200)     13%         3    None
 Spectral Weapon          Chrm/Summ      62 (100)     13%         3    None
 Teleport Other           Hex/Tloc       62 (100)     13%         3    None
 Cause Fear               Hex            62 (200)     38%         4    None
 Force Lance              Tloc/Air       62 (200)     38%         4    None
 Muse Oam's Air Blast     Tloc/Air       62 (100)     38%         4    None
 Agony                    Hex/Necr       62 (100)     75%         5    None
 Aura of Abjuration       Summ           62 (200)     75%         5    None
 Bolt of Draining         Necr           62 (200)     75%         5    None
 Excruciating Wounds      Chrm/Necr      62 (200)     75%         5    None
 Silence                  Hex/Air        62 (200)     75%         5    None
 Summon Lightning Spire   Summ/Air       62 (100)     75%         5    None
 Summon Mana Viper        Summ/Pois      62 (100)     75%         5    None
 Necromutation            Tmut/Necr      114 (200)    87%         8    #####..
 Conjure Ball Lightning   Air            62 (200)     100%        6    None
 Darkness                 Hex            62 (200)     100%        6    None
 Deflect Missiles         Chrm/Air       62 (200)     100%        6    None
 Dispersal                Tloc           62 (200)     100%        6    None
 Invisibility             Chrm           62 (100)     100%        6    None
 Poison Arrow             Pois           62 (200)     100%        6    None
 Shadow Creatures         Summ           N/A          100%        6    None
 Haunt                    Necr/Summ      62 (200)     100%        7    ###....
 Malign Gateway           Summ/Tloc      62 (200)     100%        7    ###....
 Monstrous Menagerie      Summ           62 (200)     100%        7    ###....
 Borgnjor's Revivificati  Necr           62 (200)     100%        8    #####..
 Chain Lightning          Air            62 (200)     100%        8    #####..
 Controlled Blink         Tloc           N/A          100%        8    #####..
 Death's Door             Chrm/Necr      62 (200)     100%        8    #####..
 Discord                  Hex            62 (200)     100%        8    #####..
 Disjunction              Tloc           62 (200)     100%        8    #####..
 Infestation              Necr           62 (200)     100%        8    #####..
 Summon Horrible Things   Summ           62 (200)     100%        8    #####..
 Fire Storm               Fire           62 (200)     100%        9    ######.
 Glaciate                 Ice            62 (200)     100%        9    ######.
 Tornado                  Air            62 (200)     100%        9    ######.
 Passage of Golubria      Tloc           Unusable     N/A         4    N/A

Dungeon Overview and Level Annotations

Branches:
Dungeon (1/1)

Altars:
Cheibriados
Dithmenos
Fedhas
Gozag
Kikubaaqudgha
Makhleb
Okawaru
Qazlal
Ru
Sif Muna
Trog
Uskayaw
Vehumet
Wu Jian
Xom
Yredelemnul
Zin
The Shining One
Beogh
Jiyva
Lugonu

Shops:
D [**[((


Innate Abilities, Weirdness & Mutations

You cannot fit into any form of body armour.
Your gleaming silver scales are hard. (AC +21)
You can breathe silver splinters, which deal bonus damage to chaotic creatures.
Your large and strong wings let you fly indefinitely.
You have a pair of large horns on your head.
You are completely covered in rugged brown scales. (AC +3, +7% HP)
You are completely covered in sharp spines.
Your magical and physical power is greatly enhanced at high health.
When hurt, damage is shared between your health and your magic reserves.
You regenerate magic rapidly.
When low on magic, you restore magic in place of health.
You are cold-blooded and may be slowed by cold attacks.
You are naturally skilled at Crossbows (Aptitude +3).
You are naturally adept at Whips & Flails (Aptitude +5).
You are naturally skilled at Stealth (Aptitude +3).
You are strongly in touch with the powers of the earth.
Your gleaming silver scales boost your physical defenses and make you resistant to mutation. (AC++, rMut)
You expend magic power (3 MP) to strengthen your wands.


Message History

You start resting.
A green death comes into view.
Things that are here:
a +0 arbalest a cursed +0 dagger of molten steel {(Curse: Int-3)}
Casting: Lehudib's Crystal Spear (safe; 1% risk of failure)
Confirm with . or Enter, or press ? or * to list all spells.
Aiming: Lehudib's Crystal Spear (safe; 1% risk of failure)
Press: ? - help, Shift-Dir - straight line, f - green death
Aim: a green death (healthy (68/68))
You feel a huge surge of power!
The crystal spear hits the green death (153)!!!!!
You kill the green death!
You start resting.
Magic restored.
You start resting.
HP restored.
There is a staircase leading out of the dungeon here.
You can't go down here!
You have escaped!

▓▓.._[[)[..._.▓▓▓
▓....).)[[[.....▓
▓▓▓▓▓▓.⌠.[..)[)..[.⌠.▓▓▓▓▓▓
▓▓.......[[)..)..[.[....#..▓
▓▓▓..∩___....)......[.[.___∩.#▓
▓...)..."...)......[........∩.##▓
...)..........)..)[[...).........
.⌠...).....^.....)).......]....[#
#=..[..).[.)..).@..).........).⌠#
#⌠....[).....................).⌠.
.....[....[[......[............##
▓#..∩................)..[...∩#..▓
▓▓...___..))...........___∩..▓▓▓
▓▓......).[[[[.....).....#.▓▓
▓▓▓▓▓▓.))[[[)..)^).⌠.▓▓▓▓▓▓
▓.#...))........▓
▓▓▓...)..[)...▓▓▓


There were no monsters in sight!

Vanquished Creatures
  Antaeus (D)
  Gloorx Vloq (D)
  Asmodeus (D)
  Ereshkigal (D)
  2 seraphim (D)
  2 ancient liches (D)
  An orb of fire (D)
  A deep elf elementalist (D)
  2 Killer Klowns (D)
  6 pandemonium lords (D)
  Arachne (D)
  A great orb of eyes (D)
  7 profane servitors (D)
  A Brimstone Fiend (D)
  3 Hell Sentinels (D)
  6 Ice Fiends (D)
  An electric golem (D)
  4 quicksilver dragons (D)
  14 tentacled monstrosities (D)
  8 Orb Guardians (D)
  Rupert (D)
  6 acid blobs (D)
  A draconian monk (D)
  2 iron dragons (D)
  3 cacodemons (D)
  3 azure jellies (D)
  A frost giant (D)
  A daeva (D)
  2 fire giants (D)
  An emperor scorpion (D)
  A draconian sharpshooter (D)
  2 angels (D)
  4 vampire knights (D)
  2 white draconians (D)
  9 stone giants (D)
  4 green deaths (D)
  An ice dragon (D)
  4 blizzard demons (D)
  A death ooze (D)
  4 hydras (D)
  A wizard (D)
  A boulder beetle (D)
  22 spriggan air magi (D)
  Erica (D)
  11 catoblepae (D)
  A tengu warrior (D)
  2 iron elementals (D)
  12 vampire magi (D)
  2 hell hogs (D)
  2 sun demons (D)
  19 fire crabs (D)
  14 centaur warriors (D)
  4 death drakes (D)
  A sixfirhy (D)
  4 swamp dragons (D)
  7 cherubim (D)
  A skeletal warrior (D)
  3 tyrant leeches (D)
  53 shining eyes (D)
  25 orb spiders (D)
  3 wolf spiders (D)
  A black mamba (shapeshifter) (D)
  A moth of wrath (D)
  12 ice devils (D)
  An orange demon (D)
  A hellwing (D)
  An eye of devastation (D)
  13 smoke demons (D)
  2 spiny frogs (shapeshifter) (D)
  4 freezing wraiths (D)
  3 spiny frogs (D)
  A yaktaur (shapeshifter) (D)
  An efreet (D)
  2 demonic crawlers (D)
  A troll (shapeshifter) (D)
  A red devil (D)
  23 tormentors (D)
  A jumping spider (D)
  A meliai (shapeshifter) (D)
  3 cyclopes (D)
  A raiju (shapeshifter) (D)
  2 slime creatures (D)
  Prince Ribbit (D)
  2 redbacks (D)
  A flying skull (D)
  A spriggan (shapeshifter) (D)
  A tarantella (D)
  A fire bat (D)
  A golden eye (shapeshifter) (D)
  A yak (D)
  4 fire elementals (D)
  A hungry ghost (D)
  2 hell hounds (D)
  2 water moccasins (D)
  A porcupine (D)
  12 floating eyes (D)
  4 wolves (D)
  An ogre (D)
  An eye of draining (D)
  A big kobold (D)
  5 bullfrogs (D)
  14 centaurs (D)
  A scorpion (shapeshifter) (D)
  A howler monkey (D)
  A scorpion (D)
  A quasit (D)
  A jelly (D)
  A hound (D)
  Terence (D)
  A shadow imp (D)
  A sewer rat (D)
  5 worms (D)
  A cinder newt (D)
  3 ufetubi (D)
  3 adder skeletons (D)
  3 bat skeletons (D)
  A giant cockroach simulacrum (D)
  A giant cockroach zombie (D)
  A jackal skeleton (D)
  A quokka zombie (D)
467 creatures vanquished.

Vanquished Creatures (others)
  A hell hog (D)
1 creature vanquished.

Grand Total: 468 creatures vanquished

Notes
Turn   | Place    | Note
-------+----------+-------------------------------------------
     0 | D        | Lanoc the Immature Draconian Demonspawn began the quest for
                  | the Orb.
     0 | D        | Reached XP level 1. HP: 18/18 MP: 4/4
     1 | D        | Found an iron altar of Okawaru.
     1 | D        | Found a basalt altar of Yredelemnul.
     2 | D        | Found a glowing silver altar of Zin.
     3 | D        | Found a glowing golden altar of the Shining One.
     3 | D        | Found a stormy altar of Qazlal.
     4 | D        | Found Buuhupowk's Delicious Food.
     4 | D        | Found a sacrificial altar of Ru.
     4 | D        | Found a corrupted altar of Lugonu.
     5 | D        | Found Nahunyru's Jewellery.
     5 | D        | Found Siugh's Advanced Armour.
     5 | D        | Round 1.
     8 | D        | Noticed a jelly
    13 | D        | Killed a jelly
    13 | D        | Reached skill level 5 in Fighting
    13 | D        | Gained mutation: You have a pair of small horns on your
                  | head. [demonic ancestry]
    13 | D        | Reached XP level 2. HP: 8/29 MP: 5/5
    13 | D        | Gained mutation: You are partially covered in rugged brown
                  | scales. (AC +1, +3% HP) [demonic ancestry]
    13 | D        | Reached XP level 3. HP: 8/37 MP: 7/7
    15 | D        | Bought a crude amethyst amulet for 45 gold pieces
    15 | D        | Identified the amulet "Zosauw" {Gourm Int+2} (You bought it
                  | in a shop in the Dungeon)
    15 | D        | Bought a clouded tin ring for 45 gold pieces
    15 | D        | Identified the cursed ring "Xief" {rF++ Str+3 Dex+5 Slay+3,
                  | (Curse: Stlth-)} (You bought it in a shop in the Dungeon)
    15 | D        | Bought a heavily runed steel ring for 45 gold pieces
    15 | D        | Identified the ring "Ahuskuod" {rF+ EV+5 Str+7 Dex+5
                  | Stlth-} (You bought it in a shop in the Dungeon)
    23 | D        | Found an ornate altar of the Wu Jian Council.
    24 | D        | Found an ancient bone altar of Kikubaaqudgha.
    26 | D        | Found Useinoomp's Premium Goods.
    27 | D        | Found a hide-covered altar of Uskayaw.
    27 | D        | Found a roughly hewn altar of Beogh.
    27 | D        | Found Vitucaru's Weapon Rack.
    27 | D        | Found Usydyago's Miscellaneous Merchandise.
    27 | D        | Found Anygh's Basic Armour.
    31 | D        | Found a bloodstained altar of Trog.
    32 | D        | Found a radiant altar of Vehumet.
    33 | D        | Found a snail-covered altar of Cheibriados.
    34 | D        | Found Joabaox's Do-It-Yourself Clinic.
    34 | D        | Found a shimmering altar of Xom.
    34 | D        | Found a blossoming altar of Fedhas.
    34 | D        | Found an opulent altar of Gozag.
    34 | D        | Found Jybahait's Distillery.
    35 | D        | Found Cieq's Bottled Wisdom.
    35 | D        | Found Fiuvef's Distillery.
    38 | D        | Found a viscous altar of Jiyva.
    42 | D        | Found a burning altar of Makhleb.
    43 | D        | Found a shadowy altar of Dithmenos.
    43 | D        | Found Rutog's Staff Store.
    44 | D        | Found Riurivyq's Must-Have Magic.
    44 | D        | Found Uthomis's Magic Scroll Shop.
    45 | D        | Found a shimmering blue altar of Sif Muna.
    45 | D        | Found Ihadepp's Magic Scroll Shop.
    53 | D        | Noticed a big kobold
    54 | D        | Noticed Terence
    60 | D        | Killed a big kobold
    60 | D        | Reached skill level 5 in Dodging
    60 | D        | Gained mutation: When hurt, damage is shared between your
                  | health and your magic reserves. [demonic ancestry]
    60 | D        | Reached XP level 4. HP: 42/48 MP: 6/8
    63 | D        | Killed Terence
   130 | D        | Arena points: 14 (+14) [x2]
   130 | D        | Gained mutation: You regenerate magic rapidly. [demonic
                  | ancestry]
   130 | D        | Reached XP level 5. HP: 54/54 MP: 9/9
   159 | D        | Became a worshipper of Uskayaw the Reveler
   189 | D        | Round 2.
   279 | D        | Reached * piety under Uskayaw
   318 | D        | Reached skill level 5 in Invocations
   318 | D        | Reached ** piety under Uskayaw
   319 | D        | Reached *** piety under Uskayaw
   320 | D        | Arena points: 50 (+36) [x3]
   377 | D        | Round 3.
   377 | D        | Noticed a spiny frog
   385 | D        | Killed a spiny frog
   385 | D        | Reached skill level 10 in Fighting
   385 | D        | Reached XP level 6. HP: 34/69 MP: 6/13
   402 | D        | Your scales start taking on a gleaming silver colour.
   402 | D        | Reached XP level 7. HP: 53/75 MP: 14/14
   402 | D        | Gained mutation: Your gleaming silver scales boost your
                  | physical defenses and make you resistant to mutation.
                  | (AC++, rMut) [Silver Draconian growth]
   402 | D        | Gained mutation: You are strongly in touch with the powers
                  | of the earth. [Silver Draconian growth]
   407 | D        | Noticed Prince Ribbit
   414 | D        | Killed Prince Ribbit
   414 | D        | Reached skill level 10 in Invocations
   481 | D        | Arena points: 134 (+84) [x4]
   546 | D        | Round 4.
   555 | D        | Gained mutation: You have a pair of horns on your head.
                  | [demonic ancestry]
   555 | D        | Reached XP level 8. HP: 84/85 MP: 15/17
   556 | D        | Reached **** piety under Uskayaw
   562 | D        | Reached ***** piety under Uskayaw
   682 | D        | Arena points: 294 (+160) [x5]
   700 | D        | Bought a pair of pitted gloves for 332 gold pieces
   700 | D        | Identified the +0 pair of gloves of Nihilism {-Tele rPois
                  | rCorr Str+10} (You bought it in a shop in the Dungeon)
   734 | D        | Round 5.
   739 | D        | Noticed a witch
   756 | D        | Killed a witch
   756 | D        | Arena points: 574 (+280) [x7]
   756 | D        | Reached skill level 10 in Dodging
   756 | D        | Gained mutation: You are mostly covered in rugged brown
                  | scales. (AC +2, +5% HP) [demonic ancestry]
   756 | D        | Reached XP level 9. HP: 88/97 MP: 17/19
   757 | D        | Got a decaying rune of Zot
   793 | D        | Reached skill level 15 in Invocations
   793 | D        | Gained mutation: You are naturally skilled at Whips &
                  | Flails (Aptitude +3). [draconic bloodline]
   793 | D        | Gained mutation: You are partially covered in sharp spines.
                  | [demonic ancestry]
   793 | D        | Reached XP level 10. HP: 108/108 MP: 19/21
   959 | D        | Round 6.
   966 | D        | Noticed a sixfirhy
   969 | D        | Killed a sixfirhy
  1017 | D        | Reached skill level 15 in Fighting
  1019 | D        | Noticed a sun demon
  1026 | D        | Killed a sun demon
  1036 | D        | Arena points: 1006 (+432) [x8]
  1047 | D        | Bought a pair of crude boots for 332 gold pieces
  1047 | D        | Identified the +2 pair of boots "Keydoux" {+Fly rElec} (You
                  | bought it in a shop in the Dungeon)
  1091 | D        | Round 7.
  1105 | D        | Noticed Rupert
  1138 | D        | Killed Rupert
  1138 | D        | Gained mutation: You are mostly covered in sharp spines.
                  | [demonic ancestry]
  1138 | D        | Reached XP level 11. HP: 23/120 MP: 6/24
  1212 | D        | Noticed a boulder beetle
  1225 | D        | Killed a boulder beetle
  1225 | D        | Noticed a six-headed hydra
  1231 | D        | Killed a six-headed hydra
  1248 | D        | Arena points: 1636 (+630) [x9]
  1259 | D        | Bought a steaming cloak for 332 gold pieces
  1259 | D        | Identified the cursed +1 cloak of Eternal Night {*Corrode
                  | MP+9 Str+5 Stlth+, (Curse: Stlth-)} (You bought it in a
                  | shop in the Dungeon)
  1262 | D        | Bought a slimy cloak for 332 gold pieces
  1262 | D        | Identified the cursed +1 cloak of the Circus Animal {MR+
                  | Str+3 Int-3 Dex+4, (Curse: *Slow)} (You bought it in a shop
                  | in the Dungeon)
  1291 | D        | Round 8.
  1416 | D        | Arena points: 2356 (+720) [x10]
  1471 | D        | Round 9.
  1475 | D        | Noticed Erica
  1476 | D        | Noticed a tengu warrior
  1494 | D        | Killed a tengu warrior
  1496 | D        | Killed Erica
  1499 | D        | Arena points: 3445 (+1089) [x11]
  1553 | D        | Round 10.
  1553 | D        | Noticed Arachne
  1608 | D        | Killed Arachne
  1608 | D        | Arena points: 4615 (+1170) [x13]
  1608 | D        | Gained mutation: You are naturally skilled at Stealth
                  | (Aptitude +3). [draconic bloodline]
  1608 | D        | Reached XP level 12. HP: 32/135 MP: 19/26
  1611 | D        | Got a gossamer rune of Zot
  1612 | D        | Gained mutation: You are completely covered in rugged brown
                  | scales. (AC +3, +7% HP) [demonic ancestry]
  1612 | D        | Gained mutation: You are strongly in touch with the powers
                  | of the earth. [Silver Draconian growth]
  1612 | D        | Reached XP level 13. HP: 33/145 MP: 21/28
  1629 | D        | Bought a book of the Earth for 455 gold pieces
  1637 | D        | Learned a level 6 spell: Iron Shot
  1787 | D        | Round 11.
  1800 | D        | Reached skill level 1 in Earth Magic
  1884 | D        | Reached skill level 10 in Earth Magic
  1898 | D        | Arena points: 6463 (+1848) [x14]
  1962 | D        | Round 12.
  2002 | D        | Reached ****** piety under Uskayaw
  2022 | D        | Arena points: 8443 (+1980) [x15]
  2041 | D        | Round 13.
  2056 | D        | Gained mutation: Your poor vision makes scrolls take longer
                  | to read and aiming more difficult. [a shining eye]
  2092 | D        | Gained mutation: You are weak. (Str -2) [a shining eye]
  2097 | D        | Gained mutation: You are very weak. (Str -4) [a shining
                  | eye]
  2098 | D        | Gained mutation: Your magical capacity is low. (-10% MP) [a
                  | shining eye]
  2099 | D        | Lost mutation: Your magical capacity is low. (-10% MP) [a
                  | shining eye]
  2100 | D        | Gained mutation: Your body sometimes deteriorates upon
                  | taking damage. [a shining eye]
  2105 | D        | Gained mutation: You are robust. (+10% HP) [a shining eye]
  2137 | D        | Gained mutation: You are clumsy. (Dex -2) [a shining eye]
  2164 | D        | Reached skill level 15 in Dodging
  2171 | D        | Arena points: 11147 (+2704) [x16]
  2171 | D        | Reached skill level 15 in Earth Magic
  2200 | D        | Bought 2 potions of mutation for 112 gold pieces
  2204 | D        | Lost mutation: Your poor vision makes scrolls take longer
                  | to read and aiming more difficult. [potion of mutation]
  2204 | D        | Lost mutation: Your body sometimes deteriorates upon taking
                  | damage. [potion of mutation]
  2204 | D        | Lost mutation: You are very weak. (Str -4) [potion of
                  | mutation]
  2209 | D        | Round 14.
  2300 | D        | Noticed an emperor scorpion
  2309 | D        | Killed an emperor scorpion
  2309 | D        | Arena points: 14717 (+3570) [x17]
  2309 | D        | Gained mutation: You are naturally skilled at Crossbows
                  | (Aptitude +3). [draconic bloodline]
  2309 | D        | Gained mutation: When low on magic, you restore magic in
                  | place of health. [demonic ancestry]
  2309 | D        | Reached XP level 14. HP: 155/174 MP: 13/30
  2333 | D        | Round 15.
  2333 | D        | Noticed a deep elf elementalist
  2334 | D        | Noticed a deep elf sorcerer
  2350 | D        | Killed a deep elf elementalist
  2350 | D        | Arena points: 17852 (+3135) [x19]
  2353 | D        | Got an elven rune of Zot
  2363 | D        | Gained mutation: You are naturally adept at Whips & Flails
                  | (Aptitude +5). [draconic bloodline]
  2363 | D        | Reached XP level 15. HP: 57/183 MP: 26/31
  2368 | D        | Bought the +2 staff of Hard Scrabble {menace, earth; AC+5
                  | Str+4 Int+4} for 2664 gold pieces
  2559 | D        | Round 16.
  2607 | D        | Arena points: 21692 (+3840) [x20]
  2625 | D        | Round 17.
  2743 | D        | Arena points: 26333 (+4641) [x21]
  2772 | D        | Bought 5 potions of haste for 350 gold pieces
  2772 | D        | Bought 6 potions of brilliance for 168 gold pieces
  2772 | D        | Bought 6 potions of magic for 336 gold pieces
  2773 | D        | Bought a potion of heal wounds for 35 gold pieces
  2773 | D        | Bought 5 potions of haste for 350 gold pieces
  2773 | D        | Bought 6 potions of magic for 336 gold pieces
  2773 | D        | Bought 6 potions of brilliance for 168 gold pieces
  2773 | D        | Bought 6 potions of agility for 168 gold pieces
  2788 | D        | Bought a potion of experience for 300 gold pieces
  2788 | D        | Bought a potion of experience for 300 gold pieces
  2789 | D        | Reached XP level 16. HP: 195/195 MP: 32/32
  2790 | D        | Reached XP level 17. HP: 203/203 MP: 33/33
  2794 | D        | Round 18.
  2951 | D        | Arena points: 31085 (+4752) [x22]
  2966 | D        | Bought 3 potions of experience for 900 gold pieces
  2967 | D        | Gained mutation: You are completely covered in sharp
                  | spines. [demonic ancestry]
  2967 | D        | Gained mutation: Your large and strong wings let you fly
                  | indefinitely. [Silver Draconian growth]
  2967 | D        | Reached XP level 18. HP: 191/215 MP: 35/35
  2969 | D        | Reached XP level 19. HP: 200/224 MP: 34/36
  2970 | D        | Gained mutation: You have a pair of large horns on your
                  | head. [demonic ancestry]
  2970 | D        | Reached XP level 20. HP: 211/235 MP: 35/37
  2971 | D        | Round 19.
  3109 | D        | Arena points: 38514 (+7429) [x23]
  3125 | D        | Learned a level 6 spell: Statue Form
  3135 | D        | Learned a level 9 spell: Shatter
  3145 | D        | Round 20.
  3173 | D        | Identified the +4 double sword "Hiborhawn" {penetrate, rC+
                  | rN+ Dex-5} (You found it in the Dungeon)
  3173 | D        | Arena points: 44514 (+6000) [x25]
  3173 | D        | Reached skill level 27 in Invocations
  3176 | D        | Got a slimy rune of Zot
  3216 | D        | Reached XP level 21. HP: 245/245 MP: 38/38
  3333 | D        | Bought 3 potions of experience for 900 gold pieces
  3333 | D        | Bought 2 potions of experience for 600 gold pieces
  3334 | D        | Gained mutation: Your magical and physical power is
                  | slightly enhanced at high health. [demonic ancestry]
  3334 | D        | Reached XP level 22. HP: 257/257 MP: 39/39
  3335 | D        | Reached XP level 23. HP: 264/264 MP: 40/40
  3336 | D        | Reached XP level 24. HP: 274/274 MP: 40/40
  3337 | D        | Reached skill level 5 in Spellcasting
  3337 | D        | Reached XP level 25. HP: 284/284 MP: 40/40
  3338 | D        | Gained mutation: Your magical and physical power is
                  | enhanced at high health. [demonic ancestry]
  3338 | D        | Reached XP level 26. HP: 293/293 MP: 40/40
  3347 | D        | Round 21.
  3447 | D        | Arena points: 53796 (+9282) [x26]
  3463 | D        | Bought 2 rations for 40 gold pieces
  3463 | D        | Bought 2 rations for 40 gold pieces
  3463 | D        | Bought 2 rations for 40 gold pieces
  3463 | D        | Bought 2 rations for 40 gold pieces
  3463 | D        | Bought 2 rations for 40 gold pieces
  3463 | D        | Bought 2 rations for 40 gold pieces
  3479 | D        | Bought 5 potions of heal wounds for 500 gold pieces
  3479 | D        | Bought 5 potions of haste for 1000 gold pieces
  3498 | D        | Bought 3 potions of heal wounds for 105 gold pieces
  3500 | D        | Round 22.
  3532 | D        | Arena points: 61518 (+7722) [x27]
  3555 | D        | Bought a flickering bronze ring for 45 gold pieces
  3555 | D        | Identified the cursed ring of Internal Strife {Ice Int+3,
                  | (Curse: *Drain Str-4)} (You bought it in a shop in the
                  | Dungeon)
  3555 | D        | Bought a crude glass ring for 45 gold pieces
  3555 | D        | Identified the ring "Kunteoqire" {rN+ Str+4 Dex+5} (You
                  | bought it in a shop in the Dungeon)
  3555 | D        | Bought a twitching bronze amulet for 45 gold pieces
  3555 | D        | Identified the amulet of Duppuv {+Rage rElec rC- rN++
                  | Str+4} (You bought it in a shop in the Dungeon)
  3555 | D        | Bought a slimy bone ring for 45 gold pieces
  3555 | D        | Identified the cursed ring "Koenleor" {rPois rC+ rCorr,
                  | (Curse: rF-)} (You bought it in a shop in the Dungeon)
  3555 | D        | Bought a serpentine granite ring for 45 gold pieces
  3555 | D        | Identified the ring "Rehiukh" {Ice rPois MR+ Int+2} (You
                  | bought it in a shop in the Dungeon)
  3555 | D        | Bought a shimmering bronze amulet for 45 gold pieces
  3555 | D        | Identified the cursed amulet of Onigakig {Gourm rF+,
                  | (Curse: *Drain)} (You bought it in a shop in the Dungeon)
  3555 | D        | Bought a faintly glowing emerald amulet for 45 gold pieces
  3555 | D        | Identified the cursed amulet "Avuoris" {Reflect rElec MR+
                  | SH+5, (Curse: *Drain)} (You bought it in a shop in the
                  | Dungeon)
  3555 | D        | Bought a faintly glowing golden ring for 45 gold pieces
  3555 | D        | Identified the cursed ring "Xumuit" {Dex+5 Slay+2, (Curse:
                  | MR-)} (You bought it in a shop in the Dungeon)
  3555 | D        | Bought a flickering bronze ring for 45 gold pieces
  3555 | D        | Identified the cursed ring "Vuputoir" {Fire rPois Int+2,
                  | (Curse: *Drain Stlth-)} (You bought it in a shop in the
                  | Dungeon)
  3555 | D        | Bought a vibrating turquoise ring for 45 gold pieces
  3555 | D        | Identified the ring of Suicidal Tendencies {Str+5 Int+2
                  | Dex+4} (You bought it in a shop in the Dungeon)
  3555 | D        | Bought a glittering ruby amulet for 45 gold pieces
  3555 | D        | Identified the amulet of Qoicel {Gourm rElec +Vis} (You
                  | bought it in a shop in the Dungeon)
  3555 | D        | Bought a transparent glass ring for 45 gold pieces
  3555 | D        | Identified the ring "Guaqete" {*Contam rN+ Dex+6} (You
                  | bought it in a shop in the Dungeon)
  3555 | D        | Bought a transparent golden ring for 45 gold pieces
  3555 | D        | Identified the ring "Efinkoli" {*Slow rPois Str+9 Dex+3
                  | Slay+5} (You bought it in a shop in the Dungeon)
  3555 | D        | Bought a clouded amber ring for 45 gold pieces
  3555 | D        | Identified the cursed ring of Arikkicyus {Ice *Slow MR+
                  | Int+8 Dex+4, (Curse: *Drain)} (You bought it in a shop in
                  | the Dungeon)
  3559 | D        | Round 23.
  3560 | D        | Noticed a seraph
  3563 | D        | Killed a seraph
  3596 | D        | Reached skill level 27 in Earth Magic
  3663 | D        | Noticed a seraph
  3664 | D        | Gained mutation: Your magical and physical power is greatly
                  | enhanced at high health. [demonic ancestry]
  3664 | D        | Reached XP level 27. HP: 298/311 MP: 30/40
  3668 | D        | Killed a seraph
  3668 | D        | Reached skill level 15 in Spellcasting
  3699 | D        | Arena points: 74398 (+12880) [x28]
  3720 | D        | Bought 20 rations for 1500 gold pieces
  3737 | D        | Round 24.
  3778 | D        | Reached skill level 27 in Fighting
  3846 | D        | Arena points: 84838 (+10440) [x29]
  3869 | D        | Bought 8 scrolls of enchantment for 600 gold pieces
  3869 | D        | Bought 5 scrolls of amnesia for 175 gold pieces
  3869 | D        | Bought 2 scrolls of bless item for 600 gold pieces
  3910 | D        | Round 25.
  3911 | D        | Noticed Mara
  3914 | D        | Arena points: 96463 (+11625) [x31]
  3917 | D        | Got a silver rune of Zot
  4083 | D        | Round 26.
  4108 | D        | Bought 6 potions of might for 168 gold pieces
  4108 | D        | Bought 4 potions of haste for 280 gold pieces
  4108 | D        | Bought 3 potions of haste for 210 gold pieces
  4108 | D        | Bought 6 potions of resistance for 420 gold pieces
  4198 | D        | Arena points: 111439 (+14976) [x32]
  4208 | D        | Bought 6 potions of resistance for 420 gold pieces
  4208 | D        | Bought 3 potions of mutation for 168 gold pieces
  4208 | D        | Bought 2 potions of mutation for 112 gold pieces
  4208 | D        | Bought a potion of mutation for 56 gold pieces
  4208 | D        | Bought 6 potions of might for 168 gold pieces
  4208 | D        | Bought 6 potions of agility for 168 gold pieces
  4208 | D        | Bought 4 potions of haste for 280 gold pieces
  4208 | D        | Bought 3 potions of haste for 210 gold pieces
  4259 | D        | Round 27.
  4295 | D        | Noticed an orb of fire
  4298 | D        | Killed an orb of fire
  4364 | D        | Noticed an ancient lich
  4367 | D        | Killed an ancient lich
  4373 | D        | Arena points: 126586 (+15147) [x33]
  4410 | D        | Bought a translucent buckler for 332 gold pieces
  4410 | D        | Identified the +11 buckler of Honesty {*Drain rPois +Vis
                  | Stlth+} (You bought it in a shop in the Dungeon)
  4410 | D        | Bought a pair of faintly humming boots for 332 gold pieces
  4410 | D        | Identified the +2 pair of boots of Kojaf {+Fly rPois rC+++
                  | rN+ Str-5} (You bought it in a shop in the Dungeon)
  4410 | D        | Bought a pair of spiked gloves for 332 gold pieces
  4410 | D        | Identified the -5 pair of gloves "Fikku" {Str+3 Int+3 +Vis}
                  | (You bought it in a shop in the Dungeon)
  4410 | D        | Bought a dazzling heater shield for 332 gold pieces
  4410 | D        | Identified the +8 heater shield "Hinnoiwn" {MR- Int+6} (You
                  | bought it in a shop in the Dungeon)
  4582 | D        | Round 28.
  4691 | D        | Reached skill level 27 in Spellcasting
  4708 | D        | Arena points: 143722 (+17136) [x34]
  4716 | D        | Bought 2 rations for 40 gold pieces
  4716 | D        | Bought 2 rations for 40 gold pieces
  4716 | D        | Bought 2 rations for 40 gold pieces
  4716 | D        | Bought 2 rations for 40 gold pieces
  4716 | D        | Bought 2 rations for 40 gold pieces
  4716 | D        | Bought 2 rations for 40 gold pieces
  4716 | D        | Bought 2 rations for 40 gold pieces
  4716 | D        | Bought 2 rations for 40 gold pieces
  4716 | D        | Bought 2 rations for 40 gold pieces
  4716 | D        | Bought 2 rations for 40 gold pieces
  4716 | D        | Bought 2 rations for 40 gold pieces
  4723 | D        | Bought a scorched buckler for 332 gold pieces
  4723 | D        | Identified the +8 buckler of Eternal Vigilance {Int+3} (You
                  | bought it in a shop in the Dungeon)
  4723 | D        | Bought a distressingly furry scutum for 332 gold pieces
  4723 | D        | Identified the cursed +6 scutum of Sin {rF+++ rN++ Dex-5,
                  | (Curse: Fragile)} (You bought it in a shop in the Dungeon)
  4772 | D        | Round 29.
  4792 | D        | Arena points: 160977 (+17255) [x35]
  4810 | D        | Bought 5 potions of haste for 1000 gold pieces
  4810 | D        | Bought a quad damage for 400 gold pieces
  4830 | D        | Bought 3 potions of heal wounds for 105 gold pieces
  4830 | D        | Bought 3 potions of heal wounds for 105 gold pieces
  4830 | D        | Bought 3 potions of heal wounds for 105 gold pieces
  4853 | D        | Round 30.
  4854 | D        | Noticed Ereshkigal
  4861 | D        | Killed Ereshkigal
  4861 | D        | Arena points: 178737 (+17760) [x37]
  4861 | D        | Reached skill level 27 in Dodging
  4862 | D        | Got a bone rune of Zot
  4877 | D        | Bought 3 scrolls of silence for 225 gold pieces
  4877 | D        | Bought 5 scrolls of fog for 100 gold pieces
  4877 | D        | Bought 4 scrolls of fog for 80 gold pieces
  4877 | D        | Bought 3 scrolls of fog for 60 gold pieces
  4877 | D        | Bought 5 scrolls of blinking for 375 gold pieces
  4877 | D        | Bought 4 scrolls of blinking for 300 gold pieces
  4877 | D        | Bought 3 scrolls of blinking for 225 gold pieces
  5046 | D        | Round 31.
  5050 | D        | Reached skill level 10 in Maces & Staves
  5050 | D        | Lost mutation: You are robust. (+10% HP) [a cacodemon]
  5056 | D        | Reached skill level 15 in Maces & Staves
  5057 | D        | Arena points: 201119 (+22382) [x38]
  5095 | D        | Bought 4 scrolls of enchantment for 300 gold pieces
  5095 | D        | Bought 2 scrolls of bless item for 600 gold pieces
  5095 | D        | Bought 4 scrolls of fog for 80 gold pieces
  5095 | D        | Bought 5 scrolls of blinking for 375 gold pieces
  5095 | D        | Bought 4 scrolls of blinking for 300 gold pieces
  5131 | D        | Round 32.
  5133 | D        | Gained mutation: Your poor vision makes scrolls take longer
                  | to read and aiming more difficult. [a shining eye]
  5189 | D        | Gained mutation: You occasionally shout uncontrollably at
                  | your foes. [a shining eye]
  5230 | D        | Gained mutation: You sometimes yell uncontrollably at your
                  | foes. [a shining eye]
  5236 | D        | Gained mutation: Your body sometimes deteriorates upon
                  | taking damage. [a shining eye]
  5240 | D        | Arena points: 224831 (+23712) [x39]
  5243 | D        | Lost mutation: You sometimes yell uncontrollably at your
                  | foes. [potion of mutation]
  5243 | D        | Lost mutation: You are clumsy. (Dex -2) [potion of
                  | mutation]
  5243 | D        | Lost mutation: Your poor vision makes scrolls take longer
                  | to read and aiming more difficult. [potion of mutation]
  5243 | D        | Gained mutation: You possess an exceptional clarity of
                  | mind. [potion of mutation]
  5244 | D        | Lost mutation: You are weak. (Str -2) [potion of mutation]
  5244 | D        | Lost mutation: You occasionally shout uncontrollably at
                  | your foes. [potion of mutation]
  5245 | D        | Lost mutation: You possess an exceptional clarity of mind.
                  | [potion of mutation]
  5245 | D        | Lost mutation: Your body sometimes deteriorates upon taking
                  | damage. [potion of mutation]
  5245 | D        | Gained mutation: Your spells are a little harder to cast,
                  | but a little more powerful. [potion of mutation]
  5258 | D        | Learned a level 4 spell: Leda's Liquefaction
  5323 | D        | Round 33.
  5326 | D        | Noticed Gloorx Vloq
  5334 | D        | Killed Gloorx Vloq
  5334 | D        | Arena points: 247832 (+23001) [x41]
  5338 | D        | Got a dark rune of Zot
  5349 | D        | Bought a potion of haste for 70 gold pieces
  5349 | D        | Bought a potion of lignification for 21 gold pieces
  5349 | D        | Bought 5 potions of berserk rage for 175 gold pieces
  5349 | D        | Bought 5 potions of berserk rage for 175 gold pieces
  5349 | D        | Bought 6 potions of magic for 336 gold pieces
  5349 | D        | Bought 6 potions of resistance for 420 gold pieces
  5350 | D        | Bought a potion of brilliance for 28 gold pieces
  5350 | D        | Bought 5 potions of berserk rage for 175 gold pieces
  5350 | D        | Bought 5 potions of berserk rage for 175 gold pieces
  5350 | D        | Bought 6 potions of magic for 336 gold pieces
  5350 | D        | Bought 6 potions of resistance for 420 gold pieces
  5350 | D        | Bought 3 potions of mutation for 168 gold pieces
  5350 | D        | Bought a potion of mutation for 56 gold pieces
  5359 | D        | Bought 4 potions of curing for 84 gold pieces
  5359 | D        | Bought 4 potions of curing for 84 gold pieces
  5359 | D        | Bought 4 potions of curing for 84 gold pieces
  5359 | D        | Bought 4 potions of curing for 84 gold pieces
  5359 | D        | Bought 4 potions of curing for 84 gold pieces
  5359 | D        | Bought 3 potions of heal wounds for 105 gold pieces
  5527 | D        | Round 34.
  5625 | D        | Arena points: 276392 (+28560) [x42]
  5633 | D        | Bought 3 potions of heal wounds for 105 gold pieces
  5633 | D        | Bought 3 potions of heal wounds for 105 gold pieces
  5633 | D        | Bought 3 potions of heal wounds for 105 gold pieces
  5633 | D        | Bought 3 potions of heal wounds for 105 gold pieces
  5633 | D        | Bought 3 potions of heal wounds for 105 gold pieces
  5633 | D        | Bought 3 potions of heal wounds for 105 gold pieces
  5633 | D        | Bought 3 potions of heal wounds for 105 gold pieces
  5652 | D        | Bought 5 potions of heal wounds for 500 gold pieces
  5652 | D        | Bought a quad damage for 400 gold pieces
  5681 | D        | Bought a scroll of bless item for 300 gold pieces
  5687 | D        | Round 35.
  5825 | D        | Arena points: 307997 (+31605) [x43]
  5859 | D        | Bought 8 scrolls of enchantment for 600 gold pieces
  5859 | D        | Bought 2 scrolls of bless item for 600 gold pieces
  5859 | D        | Bought 5 scrolls of amnesia for 175 gold pieces
  5859 | D        | Bought 4 scrolls of enchantment for 300 gold pieces
  5873 | D        | Round 36.
  5885 | D        | Noticed Antaeus
  5896 | D        | Killed Antaeus
  5896 | D        | Identified the +0 pair of gloves of Limited Liability {rF+
                  | Str+4} (You found it in the Dungeon)
  5896 | D        | Arena points: 337157 (+29160) [x45]
  5900 | D        | Got an icy rune of Zot
  5940 | D        | Bought 4 scrolls of enchantment for 300 gold pieces
  5940 | D        | Bought 3 scrolls of vulnerability for 225 gold pieces
  5941 | D        | Bought 4 scrolls of enchantment for 300 gold pieces
  5941 | D        | Bought 3 scrolls of vulnerability for 225 gold pieces
  5941 | D        | Bought 3 scrolls of silence for 225 gold pieces
  5941 | D        | Bought 5 scrolls of fog for 100 gold pieces
  5941 | D        | Bought 3 scrolls of fog for 60 gold pieces
  5941 | D        | Bought 3 scrolls of blinking for 225 gold pieces
  6109 | D        | Round 37.
  6115 | D        | Reached skill level 10 in Shields
  6124 | D        | Reached skill level 15 in Shields
  6133 | D        | Arena points: 376303 (+39146) [x46]
  6147 | D        | Bought a book of Death for 490 gold pieces
  6147 | D        | Bought a book of Enchantments for 350 gold pieces
  6147 | D        | Bought a book of Spatial Translocations for 455 gold pieces
  6147 | D        | Bought a book of Summonings for 490 gold pieces
  6179 | D        | Round 38.
  6191 | D        | Gained mutation: Your body sometimes deteriorates upon
                  | taking damage. [a shining eye]
  6197 | D        | Gained mutation: You are frail. (-10% HP) [a shining eye]
  6207 | D        | Arena points: 419167 (+42864) [x47]
  6209 | D        | Lost mutation: Your body sometimes deteriorates upon taking
                  | damage. [potion of mutation]
  6209 | D        | Lost mutation: Your spells are a little harder to cast, but
                  | a little more powerful. [potion of mutation]
  6209 | D        | Gained mutation: You are strong. (Str +2) [potion of
                  | mutation]
  6210 | D        | Lost mutation: You are frail. (-10% HP) [potion of
                  | mutation]
  6210 | D        | Lost mutation: You are strong. (Str +2) [potion of
                  | mutation]
  6210 | D        | Gained mutation: You expend magic power (3 MP) to
                  | strengthen your wands. [potion of mutation]
  6245 | D        | Bought a book of Misfortune for 140 gold pieces
  6245 | D        | Bought a book of Burglary for 525 gold pieces
  6245 | D        | Bought a book of the Warp for 630 gold pieces
  6245 | D        | Bought a book of the Sky for 455 gold pieces
  6251 | D        | Round 39.
  6260 | D        | Found the +7 sceptre of Asmodeus
  6260 | D        | Noticed Asmodeus
  6269 | D        | Killed Asmodeus
  6269 | D        | Arena points: 455476 (+36309) [x49]
  6272 | D        | Got an obsidian rune of Zot
  6280 | D        | Bought a Necronomicon for 772 gold pieces
  6280 | D        | Bought a Grand Grimoire for 772 gold pieces
  6280 | D        | Bought a book of Annihilations for 772 gold pieces
  6298 | D        | Learned a level 8 spell: Lehudib's Crystal Spear
  6476 | D        | Round 40.
  6490 | D        | Arena points: 501476 (+46000) [x50]
  6529 | D        | Bought a quad damage for 400 gold pieces
  6565 | D        | Round 41.
  6568 | D        | Reached skill level 27 in Maces & Staves
  6725 | D        | Arena points: 549569 (+48093) [x51]
  6756 | D        | Round 42.
  6768 | D        | Noticed Famyh the pandemonium lord
  6768 | D        | Noticed Collig the pandemonium lord
  6773 | D        | Noticed Bepy the pandemonium lord
  6775 | D        | Noticed Cuesk the pandemonium lord
  6775 | D        | Noticed Master Blaster
  6776 | D        | Noticed Nid Zizi the pandemonium lord
  6779 | D        | Killed Nid Zizi the pandemonium lord
  6779 | D        | Killed Famyh the pandemonium lord
  6780 | D        | Killed Bepy the pandemonium lord
  6780 | D        | Killed Cuesk the pandemonium lord
  6780 | D        | Killed Collig the pandemonium lord
  6788 | D        | Noticed Zeke the pandemonium lord
  6792 | D        | Killed Zeke the pandemonium lord
  6793 | D        | Killed Master Blaster
  6793 | D        | Arena points: 594089 (+44520) [x53]
  6793 | D        | Reached skill level 27 in Shields
  6802 | D        | Got a demonic rune of Zot
  6831 | D        | Got the Orb of Zot
  6886 | D        | Escaped with the Orb!

Levels and vault maps discovered:
D:        arena_sprint

Skill      XL: |  1  2  3  4  5  6  7  8  9 10 11 12 13 14 15 16 17 18 19 20 21 22 23 24 25 26 27 |
---------------+----------------------------------------------------------------------------------+-----
Fighting       | 5 7 8 10 12 13 14 16 18 20 21 22 23 25 27 | 27.0
Dodging        | 4 5 6 7 8 10 12 14 15 16 17 19 27 | 27.0
Invocations    | 9 12 14 15 18 21 22 24 25 26 27 | 27.0
Stealth        | 2 |  2.0
Earth Magic    | 16 17 20 21 22 23 24 27 | 27.0
Spellcasting   | 3 4 5 13 27 | 27.0
Maces & Staves | 27 | 27.0
Shields        | 27 | 27.0
Transmutations | 24 | 24.8
Long Blades    | |  1.5

Action                   |  1- 3 |  4- 6 |  7- 9 | 10-12 | 13-15 | 16-18 | 19-21 | 22-24 | 25-27 || total
-------------------------+-------+-------+-------+-------+-------+-------+-------+-------+-------++-------
Melee: Long sword        |     7 |    18 |    28 |    82 |       |       |       |       |       ||   135
       Unarmed           |     6 |    14 |    26 |    89 |    68 |       |       |       |       ||   203
       Tailslap          |     2 |     3 |    11 |    36 |    34 |       |     3 |       |     4 ||    93
       Headbutt          |     1 |     8 |    19 |    50 |    50 |       |     7 |       |     9 ||   144
       Scimitar          |       |       |       |    17 |   102 |     2 |     9 |       |       ||   130
       Staff             |       |       |       |       |    18 |     2 |     9 |       |    32 ||    61
       Double sword      |       |       |       |       |       |       |       |       |    16 ||    16
 Cast: Flame Tongue      |     1 |     1 |       |       |       |       |       |       |       ||     2
       Iron Shot         |       |       |       |       |    30 |    17 |    19 |       |   158 ||   224
       Shatter           |       |       |       |       |       |       |       |       |    60 ||    60
       Lehudib's Crystal |       |       |       |       |       |       |       |       |    17 ||    17
Invok: Grand Finale      |       |       |       |     2 |       |       |       |       |     1 ||     3
 Abil: Breathe Dart      |     2 |     1 |       |       |       |       |       |       |       ||     3
       Breathe Silver Sp |       |       |     1 |     5 |     2 |       |     1 |       |       ||     9
       Fly               |       |       |       |       |       |     1 |       |       |       ||     1
  Use: Potion            |     1 |     1 |     1 |     8 |     3 |     3 |     3 |     3 |    29 ||    52
       Scroll            |       |       |       |       |       |       |       |       |     1 ||     1
 Stab: Paralysed         |       |     2 |     5 |    19 |    21 |       |     2 |       |    16 ||    65
  Eat: Chunk             |       |     1 |     8 |     5 |    13 |     9 |    20 |       |     9 ||    65
       Ration            |       |       |       |       |       |       |       |       |    14 ||    14
Armor: Skin              |     1 |     5 |     4 |    28 |    57 |    18 |    27 |       |    79 ||   219
Dodge: Dodged            |     6 |    30 |    36 |   100 |   121 |    12 |    69 |       |   183 ||   557
Block: Other             |       |       |       |       |       |       |       |       |    20 ||    20
       Reflection        |       |       |       |       |       |       |       |       |     6 ||     6
       Scutum            |       |       |       |       |       |       |       |       |     6 ||     6
       Rpst.: Unarmed    |     4 |     5 |     7 |    26 |    16 |       |       |       |       ||    58
       Long sword        |     1 |    11 |    14 |    11 |       |       |       |       |       ||    37
       Scimitar          |       |       |       |     2 |    13 |       |       |       |       ||    15
